TOP OF THE 1ST |
---|
New York Knights batting - Pitching for St. Louis Browns : RHP Scott Walker | Pitching: RHP Scott Walker | | Batting: LHB Mike Harris | 0-0: Ball 1-0: Ball 2-0: Ball 3-0: Base on Balls | Batting: RHB Pepe Carrasco | 0-0: Ball 1-0: Ball 2-0: Ball 3-0: Base on Balls Mike Harris to second | Batting: RHB Lonnie Anderson | 0-0: Ground out 5-3 (Groundball, 56S) Mike Harris to third Pepe Carrasco to second | Batting: RHB Vic Langlois | 0-0: Foul Ball, location: 2F 0-1: Ball 1-1: Fly out, F2 (Popup, 2RF) | Batting: LHB Warren Potter | 0-0: Ball 1-0: Ground out 1-3 (Groundball, 13S) | Top of the 1st over - 0 runs, 0 hits, 0 errors, 2 left on base; New York 0 - St. Louis 0 | BOTTOM OF THE 1ST |
---|
St. Louis Browns batting - Pitching for New York Knights : LHP Leo Huggins | Pitching: LHP Leo Huggins | | Batting: RHB José Flores | 0-0: Ball 1-0: Ball 2-0: Ground out U3 (Groundball, 3S) | Batting: RHB Anthony Rucker | 0-0: Called Strike 0-1: SINGLE (Groundball, 56D) | Batting: RHB Carlos Alfaro | 0-0: Called Strike 0-1: Ball Anthony Rucker is caught stealing 2nd base 1-1: Ball 2-1: Fly out, F9 (Line Drive, 9LM) | Bottom of the 1st over - 0 runs, 1 hit, 0 errors, 0 left on base; New York 0 - St. Louis 0 | TOP OF THE 2ND |
---|
New York Knights batting - Pitching for St. Louis Browns : RHP Scott Walker | Batting: SHB Marvin Harris | 0-0: Called Strike 0-1: Called Strike 0-2: Ball 1-2: Foul Ball, location: 2F 1-2: Ball 2-2: Ball 3-2: Strikes out swinging | Batting: RHB Felipe Rodríguez | 0-0: Ball 1-0: Ball 2-0: Foul Ball, location: 2F 2-1: Foul Ball, location: 2F 2-2: Hit by Pitch | Batting: RHB Steve Sampson | 0-0: SINGLE (Groundball, 56D) Felipe Rodríguez to second | Batting: RHB Jacob Pope | 0-0: Ball 1-0: Called Strike 1-1: Called Strike 1-2: Fielders Choice at 2nd, 4-6 (Groundball, 34) Felipe Rodríguez to third | Batting: LHB Mike Harris | 0-0: Ball 1-0: Ball 2-0: Called Strike 2-1: Fly out, F4 (Line Drive, 4) | Top of the 2nd over - 0 runs, 1 hit, 0 errors, 2 left on base; New York 0 - St. Louis 0 | BOTTOM OF THE 2ND |
---|
St. Louis Browns batting - Pitching for New York Knights : LHP Leo Huggins | Batting: RHB António Venecia | 0-0: Ball 1-0: Called Strike 1-1: Foul Ball, location: 2F 1-2: Foul Ball, location: 2F 1-2: Strikes out swinging | Batting: SHB David Johnstone | 0-0: Ground out 1-3 (Groundball, 13S) | Batting: LHB Robin Hill | 0-0: Called Strike 0-1: SINGLE (Groundball, 6MD) | Batting: RHB Vicente Valentín | 0-0: Ball 1-0: Called Strike 1-1: Ball 2-1: Called Strike 2-2: Foul Ball, location: 2F 2-2: 2-RUN HOME RUN (Line Drive, 7LD), Distance : 353 ft | Batting: RHB Javier Martínez | 0-0: DOUBLE (Line Drive, 78M) | Batting: LHB Marvin Morris | 0-0: Swinging Strike 0-1: Ball 1-1: 2-RUN HOME RUN (Flyball, 9LD), Distance : 356 ft | Batting: RHB José Flores | 0-0: Called Strike 0-1: Foul Ball, location: 2F 0-2: Ball 1-2: Ball 2-2: Fly out, F9 (Line Drive, 9) | Bottom of the 2nd over - 4 runs, 4 hits, 0 errors, 0 left on base; New York 0 - St. Louis 4 | TOP OF THE 3RD |
---|
New York Knights batting - Pitching for St. Louis Browns : RHP Scott Walker | Batting: RHB Pepe Carrasco | 0-0: SINGLE (Groundball, 6MD) | Batting: RHB Lonnie Anderson | 0-0: Ball 1-0: Ball 2-0: Swinging Strike 2-1: Ball 3-1: Base on Balls Pepe Carrasco to second | Batting: RHB Vic Langlois | 0-0: Called Strike 0-1: Swinging Strike 0-2: Strikes out swinging | Batting: LHB Warren Potter | 0-0: Ball 1-0: Called Strike 1-1: Ball 2-1: Fielders Choice at 2nd, 6-4 (Groundball, 6) Pepe Carrasco to third | Batting: SHB Marvin Harris | 0-0: Ball 1-0: Called Strike 1-1: 3-RUN HOME RUN (Flyball, 89XD), Distance : 385 ft | Batting: RHB Felipe Rodríguez | 0-0: Foul Ball, location: 2F 0-1: Ball 1-1: Ball 2-1: Ball 3-1: Foul Ball, location: 2F 3-2: Foul Ball, location: 2F 3-2: Foul Ball, location: 2F 3-2: Foul Ball, location: 2F 3-2: Foul Ball, location: 2F 3-2: Foul Ball, location: 2F 3-2: Fly out, F7 (Flyball, 7S) | Top of the 3rd over - 3 runs, 2 hits, 0 errors, 0 left on base; New York 3 - St. Louis 4 | BOTTOM OF THE 3RD |
---|
St. Louis Browns batting - Pitching for New York Knights : LHP Leo Huggins | Batting: RHB Anthony Rucker | 0-0: Ball 1-0: Called Strike 1-1: Fly out, F7 (Flyball, 78D) | Batting: RHB Carlos Alfaro | 0-0: Ball 1-0: Ball 2-0: Ball 3-0: Called Strike 3-1: Swinging Strike 3-2: Ground out 4-3 (Groundball, 4M) | Batting: RHB António Venecia | 0-0: Ball 1-0: Ball 2-0: Ground out 5-3 (Groundball, 56S) | Bottom of the 3rd over - 0 runs, 0 hits, 0 errors, 0 left on base; New York 3 - St. Louis 4 | TOP OF THE 4TH |
---|
New York Knights batting - Pitching for St. Louis Browns : RHP Scott Walker | Batting: RHB Steve Sampson | 0-0: Ball 1-0: Fly out, F7 (Flyball, 78S) | Batting: RHB Jacob Pope | 0-0: Ball 1-0: Called Strike 1-1: Ball 2-1: SINGLE (Line Drive, 8RS) | Batting: LHB Mike Harris | 0-0: Called Strike 0-1: Swinging Strike 0-2: Ball 1-2: Ball 2-2: Ball 3-2: Base on Balls Jacob Pope to second | Batting: RHB Pepe Carrasco | 0-0: Grounds into double play, 6-4-3 (Groundball, 6) | Top of the 4th over - 0 runs, 1 hit, 0 errors, 1 left on base; New York 3 - St. Louis 4 | BOTTOM OF THE 4TH |
---|
St. Louis Browns batting - Pitching for New York Knights : LHP Leo Huggins | Batting: SHB David Johnstone | 0-0: Fly out, F7 (Flyball, 78M) | Batting: LHB Robin Hill | 0-0: Ball 1-0: Ball 2-0: Called Strike 2-1: Fly out, F7 (Flyball, 7LD) | Batting: RHB Vicente Valentín | 0-0: Hit by Pitch | Batting: RHB Javier Martínez | 0-0: Called Strike 0-1: Ball 1-1: Fielders Choice at 2nd, 6-4 (Groundball, 6) | Bottom of the 4th over - 0 runs, 0 hits, 0 errors, 1 left on base; New York 3 - St. Louis 4 | TOP OF THE 5TH |
---|
New York Knights batting - Pitching for St. Louis Browns : RHP Scott Walker | Batting: RHB Lonnie Anderson | 0-0: Ball 1-0: Called Strike 1-1: Called Strike 1-2: Strikes out swinging | Batting: RHB Vic Langlois | 0-0: Ball 1-0: Fly out, F7 (Flyball, 7D) | Batting: LHB Warren Potter | 0-0: Ball 1-0: Ball 2-0: Foul Ball, location: 2F 2-1: Ball 3-1: Swinging Strike 3-2: Foul Ball, location: 2F 3-2: Base on Balls | Batting: SHB Marvin Harris | 0-0: Ground out 3-1 (Groundball, 34S) | Top of the 5th over - 0 runs, 0 hits, 0 errors, 1 left on base; New York 3 - St. Louis 4 | BOTTOM OF THE 5TH |
---|
St. Louis Browns batting - Pitching for New York Knights : LHP Leo Huggins | Batting: LHB Marvin Morris | 0-0: Ball 1-0: Called Strike 1-1: Foul Ball, location: 2F 1-2: Ball 2-2: Strikes out looking | Batting: RHB José Flores | 0-0: Ground out 6-3 (Groundball, 6S) | Batting: RHB Anthony Rucker | 0-0: Called Strike 0-1: Ball 1-1: Called Strike 1-2: Strikes out swinging | Bottom of the 5th over - 0 runs, 0 hits, 0 errors, 0 left on base; New York 3 - St. Louis 4 | TOP OF THE 6TH |
---|
New York Knights batting - Pitching for St. Louis Browns : RHP Scott Walker | Batting: RHB Felipe Rodríguez | 0-0: Foul Ball, location: 2F 0-1: Ball 1-1: Foul Ball, location: 2F 1-2: Ground out 4-3 (Groundball, 4S) | Batting: RHB Steve Sampson | 0-0: Ball 1-0: SINGLE (Line Drive, 4D) | Batting: RHB Jacob Pope | 0-0: Grounds into double play, 6-4-3 (Groundball, 6M) | Top of the 6th over - 0 runs, 1 hit, 0 errors, 0 left on base; New York 3 - St. Louis 4 | BOTTOM OF THE 6TH |
---|
St. Louis Browns batting - Pitching for New York Knights : LHP Leo Huggins | Batting: RHB Carlos Alfaro | 0-0: Ball 1-0: Fly out, F1 (Line Drive, 13) | Batting: RHB António Venecia | 0-0: Swinging Strike 0-1: Hit by Pitch | Batting: SHB David Johnstone | 0-0: Called Strike 0-1: Ball 1-1: Swinging Strike 1-2: Ball 2-2: Ball 3-2: SINGLE (Flyball, 9S) António Venecia to second | Pitching: RHP Steve Poe | | Batting: LHB Robin Hill | 0-0: Ball 1-0: Reached on error, E9 (Flyball, 9) António Venecia to third David Johnstone to second | Batting: RHB Vicente Valentín | 0-0: Ball 1-0: Foul Ball, location: 2F 1-1: Ball 2-1: Called Strike 2-2: Foul Ball, location: 2F 2-2: GRAND SLAM HOME RUN (Flyball, 7D), Distance : 375 ft | Batting: RHB Javier Martínez | 0-0: SINGLE (Line Drive, 7S) | Batting: LHB Marvin Morris | 0-0: Called Strike 0-1: Called Strike 0-2: Ball 1-2: Ball 2-2: Ball 3-2: Foul Ball, location: 2F 3-2: SINGLE (Line Drive, 4MD) Javier Martínez to second | Batting: RHB José Flores | 0-0: Ball 1-0: Ball 2-0: Fielders Choice at 2nd, 4-6 (Groundball, 4) Javier Martínez to third | Batting: RHB Anthony Rucker | 0-0: Ball 1-0: Called Strike 1-1: Ball 2-1: Foul Ball, location: 2F 2-2: Ball Wild Pitch! Javier Martínez scores José Flores to second 3-2: Strikes out swinging | Bottom of the 6th over - 5 runs, 4 hits, 1 error, 1 left on base; New York 3 - St. Louis 9 | TOP OF THE 7TH |
---|
New York Knights batting - Pitching for St. Louis Browns : RHP Scott Walker | Pitching: RHP Bob Cunningham | | Batting: LHB Mike Harris | 0-0: Foul Ball, location: 2F 0-1: Swinging Strike 0-2: Ball 1-2: Ball 2-2: Strikes out swinging | Batting: RHB Pepe Carrasco | 0-0: Swinging Strike 0-1: Ball 1-1: Swinging Strike 1-2: Ball 2-2: Fly out, F9 (Flyball, 9) | Batting: RHB Lonnie Anderson | 0-0: Ball 1-0: Foul Ball, location: 2F 1-1: Swinging Strike 1-2: Strikes out swinging | Top of the 7th over - 0 runs, 0 hits, 0 errors, 0 left on base; New York 3 - St. Louis 9 | BOTTOM OF THE 7TH |
---|
St. Louis Browns batting - Pitching for New York Knights : RHP Steve Poe | Batting: RHB Carlos Alfaro | 0-0: Ball 1-0: Ball 2-0: Ground out 6-3 (Groundball, 6) | Batting: RHB António Venecia | 0-0: Swinging Strike 0-1: Called Strike 0-2: Strikes out looking | Batting: SHB David Johnstone | 0-0: DOUBLE (Line Drive, 7LD) | Batting: LHB Robin Hill | 0-0: Ball 1-0: Swinging Strike 1-1: Called Strike 1-2: Fly out, F8 (Flyball, 8RM) | Bottom of the 7th over - 0 runs, 1 hit, 0 errors, 1 left on base; New York 3 - St. Louis 9 | TOP OF THE 8TH |
---|
New York Knights batting - Pitching for St. Louis Browns : RHP Bob Cunningham | Batting: RHB Vic Langlois | 0-0: SINGLE (Groundball, 6MD) | Batting: LHB Warren Potter | 0-0: Fly out, F7 (Line Drive, 78M) | Batting: SHB Marvin Harris | 0-0: Called Strike 0-1: Called Strike 0-2: Ball 1-2: Foul Ball, location: 2F 1-2: Foul Ball, location: 2F 1-2: 2-RUN HOME RUN (Line Drive, 9LD), Distance : 349 ft | Batting: RHB Felipe Rodríguez | 0-0: Ball 1-0: Ball 2-0: Called Strike 2-1: Foul Ball, location: 2F 2-2: Strikes out swinging | Batting: RHB Steve Sampson | 0-0: Ball 1-0: Foul Ball, location: 2F 1-1: Called Strike 1-2: Fly out, F8 (Line Drive, 8RD) | Top of the 8th over - 2 runs, 2 hits, 0 errors, 0 left on base; New York 5 - St. Louis 9 | BOTTOM OF THE 8TH |
---|
St. Louis Browns batting - Pitching for New York Knights : RHP Steve Poe | Pitching: LHP Henny van der Lack | | Batting: RHB Vicente Valentín | 0-0: Ball 1-0: Called Strike 1-1: Swinging Strike 1-2: Strikes out swinging | Batting: RHB Javier Martínez | 0-0: Foul Ball, location: 2F 0-1: Ball 1-1: Ground out 6-3 (Groundball, 6) | Batting: LHB Marvin Morris | 0-0: Called Strike 0-1: Swinging Strike 0-2: Strikes out swinging | Bottom of the 8th over - 0 runs, 0 hits, 0 errors, 0 left on base; New York 5 - St. Louis 9 | TOP OF THE 9TH |
---|
New York Knights batting - Pitching for St. Louis Browns : RHP Bob Cunningham | Batting: RHB Jacob Pope | 0-0: Ball 1-0: Ball 2-0: Ball 3-0: Called Strike 3-1: Base on Balls | Batting: LHB Mike Harris | 0-0: Swinging Strike 0-1: Foul Ball, location: 2F 0-2: Strikes out looking | Batting: RHB Pepe Carrasco | 0-0: Ball 1-0: Foul Ball, location: 2F 1-1: TRIPLE (Flyball, 9LD) Jacob Pope scores | Pitching: RHP Cristóbal Gómez | | Batting: RHB Lonnie Anderson | 0-0: Foul Ball, location: 2F 0-1: Ball 1-1: Called Strike 1-2: Strikes out swinging | Batting: RHB Vic Langlois | 0-0: Swinging Strike 0-1: Called Strike 0-2: 2-RUN HOME RUN (Flyball, 7LD), Distance : 346 ft | Batting: LHB Warren Potter | 0-0: Ball 1-0: Ball 2-0: Called Strike 2-1: Called Strike 2-2: Strikes out swinging, 2-3 out at first. | Top of the 9th over - 3 runs, 2 hits, 0 errors, 0 left on base; New York 8 - St. Louis 9 | |